 Dungeon Crawl Stone Soup version 0.14-a0-226-gcf818b1 (webtiles) character file.

6177 Malachi the Basher (level 10, -4/141 HPs)
             Began as a Troll Berserker on Oct 10, 2013.
             Was a High Priest of Trog.
             Slain by a killer bee (9 damage)
             ... on Level 9 of the Dungeon.
             The game lasted 00:17:43 (6143 turns).

Malachi the Basher (Troll Berserker)                Turns: 6143, Time: 00:17:43

HP  -4/141       AC  6     Str 33      XL: 10   Next: 51%
MP   2/3         EV 11     Int  6      God: Trog [*****.]
Gold 342         SH  0     Dex  9 (11) Spells:  0 memorised,  9 levels left

Res.Fire  : . . .   See Invis. : +   v - +9,+8 flail of Scorn {crush, rElec}
Res.Cold  : . . .   Warding    : .   b - +0 animal skin
Life Prot.: . . .   Conserve   : .   (shield restricted)
Res.Poison: .       Res.Corr.  : .   B - +0 cap
Res.Elec. : +       Clarity    : .   y - +0 cloak
Sust.Abil.: . .     Spirit.Shd : .   (gloves unavailable)
Res.Mut.  : +       Stasis     : .   (boots unavailable)
Res.Rott. : .       Flight     : .   e - amulet of resist mutation
Gourmand  : +                        D - ring of Iniug {Int+3 SInv}
                                     j - +5,+5 ring of slaying

@: berserking, quite poisoned, very quick, somewhat resistant to hostile
enchantments, extremely unstealthy
A: unfitting armour, claws 3, fast metabolism 3, gourmand, regeneration 2,
saprovore 2, tough skin 2, AC +1
a: Burn Spellbooks, Berserk, Trog's Hand, Brothers in Arms, Renounce Religion


You were on level 9 of the Dungeon.
You worshipped Trog.
Trog was extremely pleased with you.
You were full.

You visited 1 branch of the dungeon, and saw 9 of its levels.

You collected 322 gold pieces.

Inventory:

Hand weapons
 v - the +9,+8 flail of Scorn (weapon) {crush, rElec}
   (You found it on level 5 of the Dungeon)

   It inflicts extra damage upon your enemies.
   It insulates you from electricity.
 A - a +0,+0 giant spiked club
 J - a +4,+4 anti-magic great mace
Armour
 b - a +0 animal skin (worn)
 y - a +0 cloak (worn)
 B - a +0 cap (worn)
Magical devices
 m - a wand of confusion (18) {unknown}
 s - a wand of magic darts (13)
 u - a wand of draining (8)
Comestibles
 c - 5 meat rations
 d - 3 pears
 f - 4 rotting chunks of orc flesh
 h - 4 oranges
 i - an apricot
 n - 2 apples
 p - 5 bread rations
 C - a choko
Scrolls
 g - 2 scrolls of remove curse
 l - 2 scrolls of blinking
 o - a scroll of noise
 G - 2 scrolls of enchant weapon I
 I - a scroll of enchant weapon II {unknown}
 K - a scroll of identify
Jewellery
 a - an uncursed ring of sustenance {unknown}
 e - an amulet of resist mutation (around neck)
 j - a +5,+5 ring of slaying (left claw)
 k - an uncursed ring of wizardry
 z - a +2 ring of intelligence
 D - the ring of Iniug (right claw) {Int+3 SInv}
   (You found it on level 6 of the Dungeon)

   [ring of see invisible]

   It affects your intelligence (+3).
Potions
 q - 3 potions of speed
 t - 2 potions of invisibility
 w - a potion of confusion {unknown}
 x - 5 potions of curing
 E - a potion of resistance
 F - 2 potions of magic
 H - a potion of mutation {unknown}
 L - a potion of beneficial mutation {unknown}
Books
 r - a book of Changes

   Spells                             Type                      Level
   Beastly Appendage                  Transmutation                1
   Sticks to Snakes                   Transmutation                2
   Spider Form                        Transmutation/Poison         3
   Ice Form                           Ice/Transmutation            4
   Blade Hands                        Transmutation                5
   Trog disapproves of the use of such an item.


   Skills:
 + Level 4.5 Fighting
 * Level 12.6 Maces & Flails
 + Level 5.5 Dodging
 - Level 1.2 Stealth


You had 9 spell levels left.
You didn't know any spells.

Dungeon Overview and Level Annotations

Branches:
Dungeon (9/27)             Temple (0/1) D:5             Orc (0/4) D:6
   Lair: D:8-13

Altars:
Elyvilon
Fedhas
Makhleb
Okawaru
Trog
Xom
the Shining One

Shops:
D:6 (


Innate Abilities, Weirdness & Mutations

You are too large for most types of armour.
You have claws for hands.
Your metabolism is lightning-fast.
You like to eat raw meat.
You heal very quickly.
You can eat rotten meat.
You are covered in fur (AC +1).
You have very tough skin (AC +2).


Message History

The queen bee poisons you!
Use which ability? (? or * to list)
A red film seems to cover your vision as you go berserk!
You feel yourself moving faster!
You feel mighty!
You feel somewhat less full. The killer bee closely misses you.
The killer bee misses you. The killer bee stings you!
* * * LOW HITPOINT WARNING * * *
The queen bee stings you!
* * * LOW HITPOINT WARNING * * *
You are more poisoned.
The queen bee poisons you!
You bludgeon the queen bee!!
You kill the queen bee!
Trog accepts your kill.
* * * LOW HITPOINT WARNING * * *
You feel sick. The killer bee stings you!
* * * LOW HITPOINT WARNING * * *
The killer bee closely misses you.
You completely miss the killer bee. The killer bee stings you!
You die...

.....# k #......# ......#
%.k #...#..## .......# kk
#..#....# ........#k%
#.##...## .......#.#k
#..##.## ><........
#.##...# ....$....#
###...##
..........##########....##
..........%@#.....#......##
..........k#.....#........#
..#..............#....#..##
...?......#...#.#.#........
...........................
...........................
...#.................#..##
.........#..............#
.........#......#....#.##


You could see a killer bee (berserk).

Vanquished Creatures
  The ghost of Malachi the Ducker, an experienced TrBe of Trog (D:7)
  Joseph (D:7)
  The ghost of casual the Changer, an experienced OpTm (D:4)
  A queen bee (D:9)
  Prince Ribbit (D:5)
  A hill giant zombie (D:9)
  2 hungry ghosts
  A deep elf fighter (D:9)
  3 ice beasts
  4 orc warriors
  A sky beast (D:5)
  A black bear (D:8)
  2 ogres
  3 centaurs
  6 giant frogs
  Blork the orc (D:5)
  6 killer bees (D:9)
  A hippogriff skeleton (D:5)
  9 crimson imps
  A goliath beetle (D:7)
  4 hounds
  2 jellies
  4 orc priests
  7 orc wizards
  5 iguanas
  4 worker ants
  3 scorpions
  A gnoll (D:1)
  A hound skeleton (D:5)
  A worm zombie (D:5)
  11 adders
  A giant mite (D:6)
  5 worms
  An adder skeleton (D:4)
  A giant eyeball (D:4)
  5 giant geckos
  An ooze (D:2)
  28 orcs
  17 bats
  A bat skeleton (D:5)
  9 goblins
  18 hobgoblins
  A quokka (D:6)
  3 giant cockroaches
  5 giant newts
  A giant spore (D:6)
  12 jackals
  14 kobolds
  A kobold skeleton (D:5)
  A kobold zombie (D:7)
  2 orc skeletons
  A quokka skeleton (D:7)
  9 rats
  A rat skeleton (D:4)
  2 ballistomycetes (D:7)
230 creatures vanquished.

Vanquished Creatures (others)
  A wizard (D:7)
  A jackal (D:7)
  A giant spore (D:7)
  A kobold (D:7)
4 creatures vanquished.

Grand Total: 234 creatures vanquished

Notes
Turn   | Place    | Note
--------------------------------------------------------------
     0 | D:1      | Malachi, the Troll Berserker, began the quest for the Orb.
     0 | D:1      | Reached XP level 1. HP: 23/23 MP: 0/0
    24 | D:1      | Reached skill level 3 in Maces & Flails
    37 | D:1      | Reached XP level 2. HP: 21/31 MP: 0/0
   271 | D:1      | Reached XP level 3. HP: 35/37 MP: 1/1
   544 | D:1      | Acquired Trog's second power
   635 | D:1      | Reached skill level 4 in Maces & Flails
   767 | D:2      | Found a blossoming altar of Fedhas.
  1400 | D:3      | Reached XP level 4. HP: 37/46 MP: 1/1
  1405 | D:3      | Reached skill level 5 in Maces & Flails
  1409 | D:3      | Reached XP level 5. HP: 46/53 MP: 1/1
  1874 | D:3      | Found a white marble altar of Elyvilon.
  2030 | D:4      | Reached skill level 6 in Maces & Flails
  2030 | D:4      | Reached XP level 6. HP: 61/61 MP: 2/2
  2043 | D:4      | Paralysed by a giant eyeball for 2 turns
  2411 | D:4      | Noticed casual's ghost (experienced OpTm)
  2423 | D:4      | Killed casual's ghost
  2423 | D:4      | Reached skill level 7 in Maces & Flails
  2423 | D:4      | Reached XP level 7. HP: 68/68 MP: 2/2
  2428 | D:4      | Acquired Trog's third power
  2665 | D:5      | Entered Level 5 of the Dungeon
  2722 | D:5      | Noticed Blork the orc
  2731 | D:5      | Killed Blork the orc
  2744 | D:5      | Got an ichor-stained flail
  2745 | D:5      | Identified the +9,+8 flail of Scorn {crush, rElec} (You found it on level 5 of the Dungeon)
  2745 | D:5      | Identified the +9,+8 flail of Scorn {crush, rElec} (You found it on level 5 of the Dungeon)
  2758 | D:5      | Reached skill level 8 in Maces & Flails
  2759 | D:5      | Found a staircase to the Ecumenical Temple.
  2849 | D:5      | Noticed Prince Ribbit
  2858 | D:5      | Killed Prince Ribbit
  2858 | D:5      | Reached skill level 9 in Maces & Flails
  2858 | D:5      | Reached skill level 1 in Stealth
  2858 | D:5      | Reached XP level 8. HP: 41/76 MP: 2/2
  3355 | D:6      | Found a staircase to the Orcish Mines.
  3466 | D:6      | Got a fine glass ring
  3482 | D:6      | Reached skill level 10 in Maces & Flails
  3500 | D:6      | Found Strog's Antique Weapon Shoppe.
  3770 | D:6      | Reached XP level 9. HP: 59/84 MP: 3/3
  3955 | D:6      | Found a bloodstained altar of Trog.
  4359 | D:7      | Reached skill level 11 in Maces & Flails
  4452 | D:7      | Noticed Malachi's ghost (experienced TrBe)
  4454 | D:7      | Noticed Joseph
  4465 | D:7      | Killed Malachi's ghost
  4468 | D:7      | Killed Joseph
  4506 | D:7      | Reached XP level 10. HP: 48/93 MP: 3/3
  4638 | D:7      | Identified the ring of Iniug {Int+3 SInv} (You found it on level 6 of the Dungeon)
  4694 | D:7      | Found a burning altar of Makhleb.
  4695 | D:7      | Found a shimmering altar of Xom.
  4697 | D:7      | Paralysed by a crimson imp for 6 turns
  4719 | D:7      | Found a bloodstained altar of Trog.
  4722 | D:7      | Noticed a wizard
  4728 | D:7      | Killed a wizard
  4906 | D:7      | Reached skill level 12 in Maces & Flails
  5130 | D:8      | Reached skill level 5 in Dodging
  5299 | D:8      | Received a gift from Trog
  5485 | D:8      | Found an iron altar of Okawaru.
  5782 | D:9      | Found a glowing golden altar of the Shining One.
  6142 | D:9      | HP: 5/141 [killer bee (13)]
  6143 | D:9      | Slain by a killer bee

Action                   |  1- 3 |  4- 6 |  7- 9 | 10-12 || total
-------------------------+-------+-------+-------+-------++-------
Melee: Mace              |   125 |    98 |    28 |       ||   251
       Whip              |     6 |       |       |       ||     6
       Flail             |       |       |   121 |    47 ||   168
       Giant club        |       |       |    67 |       ||    67
       Great mace        |       |       |       |    42 ||    42
       Giant spiked club |       |       |       |    35 ||    35
Invok: Berserk           |       |     3 |     2 |     1 ||     6
Evoke: Wand              |       |       |       |     1 ||     1
  Use: Potion            |     6 |     4 |     1 |     2 ||    13
       Scroll            |     3 |       |    12 |     4 ||    19
 Stab: Invisible         |     1 |       |       |       ||     1
